 Dungeon Crawl Stone Soup version 0.29.0-11-gd7f09526c8 (webtiles) character file.

Game seed: 10008262834937154214

7208 Lochraine the Blocker (level 11, -4/84 HPs)
             Began as a Formicid Fighter on Sept 1, 2022.
             Was a Believer of Kikubaaqudgha.
             Slain by a wolf (6 damage)
             ... led by Grum
             ... on level 7 of the Dungeon on Sept 2, 2022.
             The game lasted 00:55:18 (13033 turns).

Lochraine the Blocker (Formicid Fighter)           Turns: 13033, Time: 00:55:19

Health: -4/84      AC: 11    Str: 34    XL:     11   Next: 33%
Magic:  2/10       EV: 11    Int: 19    God:    Kikubaaqudgha [**....]
Gold:   290        SH:  7    Dex: 13    Spells: 10/20 levels left

rFire   + + +      SeeInvis +   a - +4 dagger "Morg" {pain, Will+ Int+5}
rCold   . . .      Faith    +   c - +1 buckler
rNeg    . . .      Spirit   .   T - +3 leather armour "Arum" {MP-9 Str+7 Int+4}
rPois   +          Reflect  .   (helmet unavailable)
rElec   .          Harm     .   o - scarf {+Inv}
rCorr   .          Rampage  .   j - +2 pair of gloves of Fun and Games {rPois rF+++ Str-2 Stlth+}
Will    +++..                   g - +0 pair of boots
Stlth   ++........              q - amulet of faith {!P}
HPRegen 0.24/turn               f - +6 ring of strength
MPRegen 0.12/turn               K - ring of willpower

@: no status effects
A: permanent stasis, dig shafts and tunnels, antennae 3, four strong arms
a: Dig, Shaft Self, Renounce Religion, Evoke Invisibility, Unearth Wretches


You were on level 7 of the Dungeon.
You worshipped Kikubaaqudgha.
Kikubaaqudgha was pleased with you.
You visited 2 branches of the dungeon, and saw 11 of its levels.
You also visited: Ossuary.

You collected 394 gold pieces.
You spent 104 gold pieces at shops.

Inventory:

Hand Weapons
 a - the +4 dagger "Morg" (weapon) {pain, Will+ Int+5}
   (You found it on level 4 of the Dungeon)

   In the hands of one skilled in necromantic magic, it inflicts extra damage on
   living creatures.
   Int:       It affects your intelligence (+5).
   Will:      It increases your willpower.
 b - a +2 falchion of protection
   (You took it off a wight on level 7 of the Dungeon)
 y - a +0 war axe
Missiles
 r - 3 silver javelins
 C - a throwing net {!f}
Armour
 c - a +1 buckler (worn)
 g - a +0 pair of boots (worn)
   (You found it on level 2 of the Dungeon)
 j - the +2 pair of gloves of Fun and Games (worn) {rPois rF+++ Str-2 Stlth+}
   (You acquired it on level 7 of the Dungeon)

   Str:       It affects your strength (-2).
   rF:        It renders you almost immune to fire.
   rPois:     It protects you from poison.
   Stlth:     It makes you more stealthy.
 k - a +0 scale mail
   (You found it on level 10 of the Dungeon)
 l - a +0 robe
   (You took it off a wight on level 7 of the Dungeon)
 n - a +0 chain mail
   (You took it off an orc warrior on level 7 of the Dungeon)
 o - a scarf of invisibility (worn)
   (You found it on level 3 of the Dungeon)
 p - a +0 chain mail
   (You took it off an orc on level 7 of the Dungeon)
 x - a +0 robe
   (You took it off an orc wizard on level 7 of the Dungeon)
 z - a +0 robe
   (You took it off an orc wizard on level 7 of the Dungeon)
 A - a +0 robe
   (You took it off an orc wizard on level 7 of the Dungeon)
 D - a +0 ring mail
   (You found it on level 7 of the Dungeon)
 E - a +0 robe
   (You took it off a wight on level 7 of the Dungeon)
 F - a +0 scale mail
   (You took it off an orc on level 7 of the Dungeon)
 G - a +0 scale mail
   (You took it off an orc on level 7 of the Dungeon)
 I - a +0 robe
   (You took it off a wight on level 7 of the Dungeon)
 J - a +0 robe
   (You took it off a wight on level 7 of the Dungeon)
 L - +0 steam dragon scales
   (You took it off Maggie on level 7 of the Dungeon)
 T - the +3 leather armour "Arum" (worn) {MP-9 Str+7 Int+4}
   (You found it on level 8 of the Dungeon)

   Str:       It affects your strength (+7).
   Int:       It affects your intelligence (+4).
   MP:        It affects your magic capacity (-9).
Jewellery
 f - a +6 ring of strength (left hand)
   (You found it on level 1 of the Dungeon)
 q - an amulet of faith (around neck) {!P}
   (You found it on level 3 of the Dungeon)
 t - a ring of resist corrosion
   (You found it on level 3 of the Dungeon)
 v - a ring of poison resistance
   (You found it on level 4 of the Dungeon)
 K - a ring of willpower (right hand)
   (You took it off a wight on level 7 of the Dungeon)
 S - an amulet of the acrobat
   (You found it in an ossuary)
Wands
 M - a wand of charming (2)
   (You found it on level 7 of the Dungeon)
Scrolls
 d - a scroll of enchant weapon
 e - 7 scrolls of noise {!r}
 i - 5 scrolls of fog
 s - 4 scrolls of teleportation {@r4}
 u - 2 scrolls of poison
 w - 2 scrolls of magic mapping
 B - a scroll of fear {unknown}
 H - 2 scrolls of vulnerability {!r}
 P - a scroll of identify {@r1}
 X - a scroll of blinking
Potions
 m - a potion of flight
 U - a potion of magic
 W - a potion of brilliance


   Skills:
 + Level 7.5 Fighting
 * Level 8.6 Short Blades
 - Level 5.4 Axes
 + Level 6.4 Armour
 + Level 1.3 Stealth
 - Level 8.9 Shields
 + Level 5.4 Spellcasting
 + Level 6.8 Necromancy


You had 10 spell levels left.
You knew the following spells:

 Your Spells              Type           Power      Damage    Failure   Level
a - Necrotise             Necr           100%       1d9       1%          1
q - Vampiric Draining     Necr           31%        2d8       2%          3
u - Animate Dead          Necr           31%        N/A       9%          4
Z - Sublimation of Blood  Necr           31%        N/A       1%          2

Your spell library contained the following spells:

 Spells                   Type           Power      Damage    Failure   Level
 Slow                     Hex            20%        N/A       16%         1
 Agony                    Necr           31%        N/A       26%         5
 Anguish                  Hex/Necr       9%         N/A       36%         4
 Confusing Touch          Hex            5%         N/A       41%         3
 Freezing Cloud           Conj/Ice/Air   2%         6-21      99%         5
 Simulacrum               Ice/Necr       9%         N/A       99%         6
 Polar Vortex             Ice            2%         N/A       100%        9


Dungeon Overview and Level Annotations

Branches:
Dungeon (10/15) Zot: 25393  Temple (1/1) D:4 Zot: 5810 Ossuary (visited)
   Lair: D:8-11         Orc: D:9-12

Altars:
Ashenzari
Cheibriados
Elyvilon
Fedhas
Gozag
Hepliaklqana
Kikubaaqudgha
Makhleb
Nemelex Xobeh
Okawaru
Qazlal
Ru
Sif Muna
Trog
Uskayaw
Vehumet
Wu Jian
Xom
Yredelemnul
Zin
The Shining One

Shops:
D:1 :   D:6 (??*

Annotations:
D:3 1 runed translucent door, Crazy Yiuf
D:8 Amaemon, Maurice


Innate Abilities, Weirdness & Mutations

You cannot be hasted, slowed, berserked, paralysed or teleported.
You can dig through walls and to a lower floor.
You have a pair of large antennae on your head. (SInv)
Your four strong arms can wield two-handed weapons with a shield.


Message History

You draw life force from Grum!
You feel life coursing into your body.
Your wolf zombie bites Grum.
You block Grum's attack.
Maurice hits your wolf zombie with a +0 short sword!
Your wolf zombie is destroyed!
Unknown command.
Aim: Maurice, wielding a +0 short sword, wearing a +0 cloak, wearing a ring of positive energy and carrying a wand of charming (2) (moderately wounded, covering ground quickly, slightly transparent)
The roots erupt in riotous growth!
Roots grab Maurice.
Roots grab the black bear zombie.
Roots grab Grum.
The now-empty wand crumbles to dust.
The grasping roots constrict Grum.
The grasping roots constrict Maurice.
The grasping roots constrict the black bear zombie.
You hear an angry hiss.
You hear a shout!
You block Grum's attack.
Maurice struggles to escape constriction.
The grasping roots constrict Grum.
The grasping roots constrict Maurice.
The grasping roots constrict the black bear zombie.
You destroy the black bear zombie!
That felt strangely unrewarding.
The roots release their grip on Grum.
The roots release their grip on Maurice.
Aim: Grum, wielding a +0 quarterstaff and wearing a +0 animal skin (almost dead)
You draw life force from Grum!
You kill Grum!
Kikubaaqudgha accepts your kill.
Kikubaaqudgha is now protecting you from necromantic miscasts and death curses.
You feel life coursing into your body.
Maurice unwields a +0 short sword.
Maurice drops a +0 short sword.
Maurice picks up a +1 mace of freezing.
Maurice wields a +1 mace of freezing.
It glows with a cold blue light!
Okay, then.
Unknown command.
The wolf bites you.
* * * LOW HITPOINT WARNING * * *
There is a stone staircase leading up here.
The wolf bites you.
* * * LOW HITPOINT WARNING * * *
You block the wolf's attack.
You climb upwards.
There is a stone staircase leading down here.
Unknown command.
Unknown command.
You hit the wolf.
The wolf writhes in agony.
The wolf bites you.
* * * LOW HITPOINT WARNING * * *
Unknown command.
Unknown command.
You miss the wolf. The wolf bites you but does no damage.
You closely miss the wolf. The wolf bites you but does no damage.
You closely miss the wolf. The wolf bites you.
* * * LOW HITPOINT WARNING * * *
You barely miss the wolf. The wolf bites you.
You die...
Kikubaaqudgha rasps: "You have failed me!
Welcome... death!"

#####.............# #
#.................# #
#..)..............# #
#.)∩).............# #
#..)..............# #
##########.................# #
#....................#######
#....................#
#..............@h....# ####
#....................# #..#
#....................# #..##
#....................########.'Z
#......................ZZ.Z.####
#......................###...##)
#......................# ###.).)
#......................# ##..#
#......................# ####


You could see a wolf.

Vanquished Creatures
  Gastronok (D:8)
  Pikel (D:4)
  Maggie (D:7)
  6 yaks
  Grum (D:8)
  A wyvern (D:8)
  A steam dragon (D:6)
  A water moccasin (D:5)
  A sky beast (D:8)
  2 ice beasts
  An orc warrior (D:7)
  3 ogres (D:6)
  2 wolves (D:8)
  A black bear (D:5)
  3 phantoms
  A kobold brigand (D:8)
  4 bullfrogs
  2 necrophages
  A gnoll sergeant (D:6)
  13 scorpions
  4 wights
  A killer bee (D:10)
  A howler monkey (D:5)
  3 jellies
  2 centaur zombies
  A black bear zombie (D:8)
  3 hounds
  A human zombie (Ossuary)
  2 gnoll boudas
  Natasha (thrice) (D:2)
  11 scorpion zombies
  4 iguanas
  4 orc wizards
  3 mummies (Ossuary)
  Robin (D:2)
  9 gnolls
  7 adders
  A white imp (D:6)
  3 ufetubi
  3 adder skeletons (D:4)
  2 worms
  A dart slug (D:3)
  20 orcs
  11 ball pythons
  An endoplasm (D:6)
  2 giant cockroaches (D:3)
  2 gnoll zombies (Ossuary)
  18 hobgoblins
  11 kobolds
  2 quokkas
  2 bats (D:3)
  3 frilled lizards (D:3)
  18 goblins
  A goblin zombie (Ossuary)
  3 kobold zombies (Ossuary)
  4 orc zombies (Ossuary)
  3 rats
218 creatures vanquished.

Vanquished Creatures (collateral kills)
  An orange demon (D:8)
  Sigmund (D:6)
  A yak (D:8)
  A wolf (D:8)
  2 wights
  An orc (D:7)
  A kobold (D:2)
8 creatures vanquished.

Vanquished Creatures (others)
  2 yaks
  A steam dragon (D:8)
  A black bear (D:8)
  An ice beast (D:6)
  An orc warrior (D:8)
  A bullfrog (D:6)
  A wyvern zombie (D:8)
  2 yak zombies
  A wight (D:8)
  3 wolf zombies (D:8)
  A hound (D:8)
  An orc wizard (D:8)
  A steam dragon zombie (D:8)
  An adder (D:8)
  2 gnolls (D:8)
  An adder zombie (D:8)
  An orc (D:7)
  A ball python (D:8)
  A frilled lizard (D:8)
  A frilled lizard zombie (D:8)
  5 kobold zombies (D:8)
  5 orc zombies
  A quokka zombie (D:8)
  A rat (D:8)
  5 plants (D:2)
  13 withered plants (D:4)
55 creatures vanquished.

Grand Total: 281 creatures vanquished

Notes
Turn   | Place    | Note
-------+----------+-------------------------------------------
     0 | D:1      | Lochraine the Formicid Fighter began the quest for the Orb.
     0 | D:1      | Reached XP level 1. HP: 18/18 MP: 1/1
   164 | D:1      | Reached XP level 2. HP: 24/24 MP: 2/2
   271 | D:1      | Found Dumiozut's Book Boutique.
   586 | D:1      | Found a faded altar of an unknown god.
   920 | D:2      | Noticed Natasha
   930 | D:2      | Killed Natasha
   931 | D:2      | Reached skill level 5 in Shields
   931 | D:2      | Reached XP level 3. HP: 6/29 MP: 3/3
  1202 | D:2      | Noticed Natasha
  1223 | D:2      | Killed Natasha
  1224 | D:2      | Reached XP level 4. HP: 20/35 MP: 4/4
  1402 | D:2      | Reached XP level 5. HP: 34/41 MP: 5/5
  1448 | D:2      | Noticed Natasha
  1891 | D:2      | Noticed Robin
  1912 | D:2      | Killed Robin
  2218 | D:2      | Killed Natasha
  2219 | D:2      | Reached XP level 6. HP: 28/47 MP: 6/6
  2832 | D:3      | Found an opulent altar of Gozag.
  2964 | D:3      | Found a runed translucent door.
  2965 | D:3      | Noticed Crazy Yiuf
  3036 | D:3      | Found a blossoming altar of Fedhas.
  3793 | D:4      | Found a radiant altar of Vehumet.
  4100 | D:4      | Reached skill level 5 in Axes
  4100 | D:4      | Reached XP level 7. HP: 43/52 MP: 7/7
  4206 | D:4      | Found the +4 dagger "Morg" {pain, Will+ Int+5}
  4446 | D:4      | Found a staircase to the Ecumenical Temple.
  4458 | Temple   | Entered the Ecumenical Temple
  4622 | Temple   | Became a worshipper of Kikubaaqudgha
  4774 | D:5      | Entered Level 5 of the Dungeon
  5009 | D:5      | Noticed Pikel
  5024 | D:4      | Killed Pikel
  5025 | D:4      | Reached XP level 8. HP: 22/58 MP: 8/8
  5748 | D:5      | Reached skill level 1 in Spellcasting
  5785 | D:5      | Learned a level 1 spell: Necrotise
  5997 | D:5      | Found a hide-covered altar of Uskayaw.
  6010 | D:5      | Reached XP level 9. HP: 63/66 MP: 5/11
  6093 | D:6      | Found Jonyug Poross's General Store.
  6109 | D:6      | Learned a level 3 spell: Vampiric Draining
  6200 | D:6      | Found Qaxaocal's Magic Scroll Emporium.
  6208 | D:6      | Bought a scroll of identify for 26 gold pieces
  6336 | D:6      | Found Rieniwyf's Antique Weapon Shop.
  6344 | D:6      | Reached * piety under Kikubaaqudgha
  6344 | D:6      | Received a gift from Kikubaaqudgha
  6345 | D:6      | Reached skill level 5 in Fighting
  6350 | D:6      | Learned a level 4 spell: Animate Dead
  6659 | D:6      | Reached skill level 5 in Short Blades
  6723 | D:6      | Noticed Sigmund
  6732 | D:6      | Killed Sigmund
  7128 | D:6      | Found a burning altar of Makhleb.
  7132 | D:6      | Found an iron altar of Okawaru.
  7132 | D:6      | Found a hazy altar of Hepliaklqana.
  7133 | D:6      | Found a stormy altar of Qazlal.
  7133 | D:6      | Found a glowing golden altar of the Shining One.
  7333 | D:6      | Found Jatsuzofre's Magic Scroll Shoppe.
  7338 | D:6      | Bought a scroll of identify for 26 gold pieces
  7338 | D:6      | Bought a scroll of identify for 26 gold pieces
  7338 | D:6      | Bought a scroll of identify for 26 gold pieces
  7551 | D:7      | Upgraded the game from 0.29.0-10-g45618ea6d2 to
                  | 0.29.0-11-gd7f09526c8
  7582 | D:7      | Reached skill level 5 in Necromancy
  7644 | D:7      | Noticed Maggie
  8149 | D:7      | Killed Maggie
  8511 | D:7      | Reached XP level 10. HP: 48/76 MP: 15/15
  8520 | D:7      | You fall into a shaft and drop 1 floor!
  8796 | D:8      | Found a sand-covered staircase.
  8801 | Ossuary  | Entered an ossuary
  9689 | Ossuary  | Reached ** piety under Kikubaaqudgha
  9778 | Ossuary  | Reached skill level 5 in Armour
 10355 | D:8      | Noticed Gastronok
 10401 | D:8      | Killed Gastronok
 10667 | D:8      | Identified the +3 leather armour "Arum" {MP-9 Str+7 Int+4}
 10750 | D:8      | Reached XP level 11. HP: 50/84 MP: 2/18
 11060 | D:8      | Noticed Maurice
 11061 | D:8      | Reached skill level 5 in Spellcasting
 11097 | D:8      | You fall into a shaft and drop 2 floors!
 11097 | D:10     | Entered Level 10 of the Dungeon
 11097 | D:10     | HP: 4/84 [poisoned by a kobold brigand (curare-tipped
                  | dart)]
 11488 | D:8      | Noticed Amaemon
 11500 | D:8      | Noticed Grum
 11513 | D:8      | HP: 3/82 [Grum/-2 spear (6)]
 11558 | D:7      | Identified a scroll of acquirement
 11558 | D:7      | Acquired the +2 pair of gloves of Fun and Games {rPois
                  | rF+++ Str-2 Stlth+}
 11594 | D:7      | HP: 2/84 [orc wizard/magic dart (7)]
 12795 | D:7      | Learned a level 2 spell: Sublimation of Blood
 12895 | D:8      | Reached skill level 1 in Stealth
 13024 | D:8      | Killed Grum
 13032 | D:7      | HP: 2/84 [wolf[Grum] (6)]
 13033 | D:7      | Slain by a wolf

Illustrated notes

Levels and vault maps discovered:
D:1:      dpeg_arrival_lava_temple_mockup, layout_loops_ring, serial_glass,
          glass_columns_b, glass_columns_b,
          shapermc_ecumenical_altar_flowoftime, serial_shops,
          nicolae_diamond_shop
D:2:      layout_rooms, serial_curves, eino_curves_02, eino_curves_02,
          eino_curves_02, eino_curves_02, st_stairs_6, grunt_decor_mini_mirrors,
          columned_hall_lemuel, minmay_shallow_snake_nest, uniq_natasha,
          uniq_robin
D:3:      layout_loops_ring, mainiacjoe_overflow_alcove_2,
          mainiacjoe_overflow_small_starburst, minmay_misc_feat_square,
          uniq_crazy_yiuf_cottage
D:4:      layout_loops_cross, mainiacjoe_overflow_catwalk, temple_hall,
          dilly_guarded_unrand_morg
D:5:      layout_gridville, lemuel_crystal_altar, uniq_pikel
D:6:      layout_loops_ring, grunt_temple_overflow_open, serial_shops,
          nicolae_square_shop, nicolae_shop_hallway_plus, nicolae_diamond_shop,
          nicolae_lakefront_shop, uniq_sigmund
D:7:      layout_gridville, enter_bailey_2, lightli_orcish_oven, uniq_maggie
D:8:      layout_basic, enter_ossuary_5, uniq_grum, uniq_amaemon, uniq_maurice,
          uniq_gastronok
D:9:      layout_irregular_city, grunt_dithmenos_shadows, uniq_harold
D:10:     layout_roguey, hangedman_misty_isle
Temple:   nicolae_temple_godzebo

Skill      XL: |  1  2  3  4  5  6  7  8  9 10 11 |
---------------+----------------------------------+-----
Axes           | 3 4 5 |  5.4
Shields        | 5 6 7 8 |  8.9
Short Blades   | 2 4 6 7 8 |  8.6
Necromancy     | 2 4 5 6 |  6.8
Fighting       | 4 5 7 |  7.5
Spellcasting   | 1 3 4 5 |  5.4
Armour         | 4 5 6 |  6.4
Stealth        | 1 |  1.3

Action                   |  1- 3 |  4- 6 |  7- 9 | 10-12 || total
-------------------------+-------+-------+-------+-------++-------
Melee: War axe           |    51 |   202 |    83 |       ||   336
       Dagger            |       |       |   213 |   232 ||   445
       Falchion          |       |       |       |   307 ||   307
Throw: Throwing net      |       |       |       |     2 ||     2
       Javelin           |       |       |       |     3 ||     3
 Cast: Necrotise         |       |       |    30 |     4 ||    34
       Animate Dead      |       |       |       |     7 ||     7
       Vampiric Draining |       |       |       |     7 ||     7
       Sublimation of Bl |       |       |       |     1 ||     1
Invok: Unearth Wretches  |       |       |     3 |     7 ||    10
 Abil: Shaft Self        |       |       |       |     2 ||     2
       Dig               |       |       |       |     1 ||     1
Evoke: Wand              |       |       |     4 |     7 ||    11
  Use: Potion            |     3 |     1 |     3 |     5 ||    12
       Scroll            |     4 |       |     7 |     8 ||    19
 Stab: Paralysed         |       |       |       |     6 ||     6
       Distracted        |       |       |       |     2 ||     2
       Sleeping          |       |       |       |     2 ||     2
Armor: Scale mail        |    19 |    73 |    72 |       ||   164
       Ring mail         |       |       |    14 |   101 ||   115
       Leather armour    |       |       |       |    65 ||    65
       Skin              |       |       |       |    36 ||    36
Dodge: Dodged            |    15 |    81 |   100 |   219 ||   415
Block: Buckler           |     9 |    78 |    97 |   167 ||   351
